2302 views
Uploaded 2022-02-04 10:18:19
Game version 1.32.10
25:48 long 4on4 ladder game on (8)Mur'gulOasis_LV
Saved by xzz
2302 views
Uploaded 2022-02-04 10:18:19
Game version 1.32.10
25:48 long 4on4 ladder game on (8)Mur'gulOasis_LV

90 units @ 15.8k
/ 2.4k
56 buildings @ 8k
/ 3.2k


| Healing Salve | 2 | 200 |
| Lesser Clarity Potion | 2 | 140 |
| Potion of Healing | 1 | 150 |
| Potion of Mana | 3 | 600 |
| Scroll of Town Portal | 2 | 700 |
| Potion of Lesser Invulnerability | 1 | 150 |
| Orb of Corruption | 1 | 375 |
| total: | 12 | 2315g |
| Peon | 7 | 525 | / | 0 |
| Grunt | 8 | 1600 | / | 0 |
| Spirit Walker | 2 | 390 | / | 70 |
| Tauren | 5 | 1400 | / | 400 |
| total: | 22 | 3915g | / | 470w |
| Watch Tower | 2 | 220 | / | 160 |
| Altar of Storms | 2 | 360 | / | 100 |
| Barracks | 1 | 180 | / | 50 |
| Orc Burrow | 5 | 800 | / | 200 |
| Voodoo Lounge | 1 | 130 | / | 30 |
| War Mill | 1 | 205 | / | 0 |
| Tauren Totem | 1 | 135 | / | 155 |
| Beastiary | 3 | 435 | / | 420 |
| Stronghold | 1 | 315 | / | 190 |
| Fortress | 1 | 325 | / | 190 |
| total: | 16 | 2465g | / | 1115w |
| 0:03 | Altar of Storms |
| 0:07 | Altar of Storms |
| 0:10 | Barracks |
| 0:13 | Orc Burrow |
| 0:21 | Peon |
| 0:40 | Peon |
| 0:52 | Peon |
| 1:17 | Grunt |
| 1:30 | Peon |
| 1:45 | Grunt |
| 2:02 | Orc Burrow |
| 2:08 | War Stomp |
| 2:18 | Peon |
| 2:41 | Voodoo Lounge |
| 2:56 | Grunt |
| 2:57 | Peon |
| 3:13 | Peon |
| 3:17 | Grunt |
| 3:21 | Endurance Aura |
| 3:43 | Stronghold |
| 4:24 | War Mill |
| 4:28 | Orc Burrow |
| 5:01 | Healing Salve |
| 5:10 | Lesser Clarity Potion |
| 5:12 | Healing Salve |
| 5:52 | Grunt |
| 5:54 | Steel Armor |
| 6:42 | War Stomp |
| 7:35 | Healing Wave |
| 7:42 | Tauren Totem |
| 7:43 | Fortress |
| 7:45 | Steel Melee Weapons |
| 7:46 | Grunt |
| 7:49 | Potion of Healing |
| 8:07 | Potion of Mana |
| 8:28 | Spiked Barricades |
| 8:48 | Potion of Mana |
| 9:20 | Spirit Walker |
| 9:22 | Grunt |
| 9:25 | Hex |
| 10:06 | Tauren |
| 10:10 | Grunt |
| 10:33 | Scroll of Town Portal |
| 10:38 | Lesser Clarity Potion |
| 11:01 | Tauren |
| 11:59 | Scroll of Town Portal |
| 12:00 | Potion of Lesser Invulnerability |
| 12:32 | Orc Burrow |
| 12:37 | Watch Tower |
| 12:51 | Orb of Corruption |
| 13:37 | Tauren |
| 13:40 | Orc Burrow |
| 14:25 | Tauren |
| 14:30 | Beastiary |
| 14:35 | Beastiary |
| 14:38 | Beastiary |
| 14:42 | Watch Tower |
| 14:52 | Potion of Mana |
| 15:06 | Spirit Walker |
| 15:37 | Thorium Armor |
| 17:13 | Tauren |
| Right click | 716 |
| Select | 338 |
| Build/train/purchase | 74 |
| Use ability | 37 |
| Assign group | 8 |
| Item give/drop | 8 |
| Minimap ping | 8 |
| Misc. action | 4 |
| Remove unit | 2 |
| Select group | 2 |


| Rod of Necromancy | 2 | 300 |
| Scroll of Town Portal | 3 | 1050 |
| total: | 5 | 1350g |
| Acolyte | 6 | 450 | / | 0 |
| Ghoul | 4 | 480 | / | 0 |
| Frost Wyrm | 7 | 2695 | / | 840 |
| total: | 17 | 3625g | / | 840w |
| Nerubian Tower | 1 | 100 | / | 20 |
| Spirit Tower | 1 | 145 | / | 40 |
| Crypt | 1 | 200 | / | 50 |
| Ziggurat | 7 | 1050 | / | 350 |
| Altar of Darkness | 1 | 180 | / | 50 |
| Tomb of Relics | 1 | 130 | / | 30 |
| Graveyard | 1 | 215 | / | 0 |
| Boneyard | 3 | 525 | / | 600 |
| Halls of the Dead | 1 | 320 | / | 210 |
| Black Citadel | 1 | 325 | / | 230 |
| total: | 14 | 2300g | / | 1080w |
| 0:02 | Acolyte |
| 0:03 | Acolyte |
| 0:09 | Crypt |
| 0:12 | Ziggurat |
| 0:35 | Altar of Darkness |
| 0:49 | Tomb of Relics |
| 1:11 | Ghoul |
| 1:13 | Nerubian Tower |
| 1:23 | Ghoul |
| 1:34 | Ghoul |
| 1:48 | Ghoul |
| 2:23 | Halls of the Dead |
| 2:33 | Rod of Necromancy |
| 2:37 | Death Coil |
| 3:03 | Graveyard |
| 3:19 | Ziggurat |
| 3:40 | Ziggurat |
| 4:34 | Ziggurat |
| 4:42 | Spirit Tower |
| 4:44 | Acolyte |
| 5:00 | Black Citadel |
| 6:37 | Unholy Aura |
| 6:50 | Frost Nova |
| 7:28 | Boneyard |
| 7:29 | Boneyard |
| 7:30 | Boneyard |
| 8:30 | Rod of Necromancy |
| 8:44 | Frost Wyrm |
| 8:47 | Frost Wyrm |
| 9:44 | Scroll of Town Portal |
| 9:55 | Freezing Breath |
| 9:57 | Creature Attack |
| 10:01 | Ziggurat |
| 10:30 | Ziggurat |
| 10:31 | Ziggurat |
| 11:16 | Frost Armor |
| 11:18 | Scroll of Town Portal |
| 11:28 | Improved Creature Attack |
| 11:44 | Acolyte |
| 12:11 | Acolyte |
| 12:30 | Frost Wyrm |
| 13:09 | Frost Wyrm |
| 13:46 | Frost Wyrm |
| 14:28 | Death Coil |
| 14:31 | Scroll of Town Portal |
| 14:43 | Creature Carapace |
| 14:45 | Acolyte |
| 15:57 | Frost Nova |
| 16:20 | Frost Wyrm |
| 16:48 | Frost Wyrm |
| Right click | 380 |
| Select group | 191 |
| Select | 143 |
| Build/train/purchase | 46 |
| Use ability | 27 |
| Assign group | 18 |
| Item give/drop | 2 |
| Minimap ping | 1 |


| Scroll of Regeneration | 1 | 100 |
| Lesser Clarity Potion | 3 | 210 |
| Potion of Healing | 1 | 150 |
| Dust of Appearance | 2 | 150 |
| Scroll of Town Portal | 2 | 700 |
| Rod of Necromancy | 1 | 150 |
| total: | 10 | 1460g |
| Peasant | 9 | 675 | / | 0 |
| Footman | 4 | 540 | / | 0 |
| Rifleman | 9 | 1845 | / | 270 |
| Priest | 6 | 810 | / | 60 |
| total: | 28 | 3870g | / | 330w |
| Scout Tower | 3 | 90 | / | 60 |
| Guard Tower | 2 | 140 | / | 100 |
| Altar of Kings | 1 | 180 | / | 50 |
| Farm | 6 | 480 | / | 120 |
| Barracks | 2 | 320 | / | 120 |
| Arcane Vault | 1 | 130 | / | 30 |
| Lumber Mill | 2 | 240 | / | 0 |
| Blacksmith | 1 | 140 | / | 60 |
| Arcane Sanctum | 1 | 150 | / | 140 |
| Workshop | 1 | 140 | / | 140 |
| Keep | 1 | 320 | / | 210 |
| total: | 18 | 1870g | / | 720w |
| 0:19 | Altar of Kings |
| 0:22 | Peasant |
| 0:27 | Farm |
| 0:30 | Barracks |
| 0:35 | Peasant |
| 0:39 | Peasant |
| 0:52 | Peasant |
| 1:08 | Farm |
| 1:12 | Peasant |
| 1:23 | Peasant |
| 1:41 | Footman |
| 1:48 | Peasant |
| 1:52 | Farm |
| 1:54 | Peasant |
| 1:59 | Footman |
| 2:07 | Peasant |
| 2:21 | Thunder Clap |
| 2:27 | Footman |
| 2:51 | Keep |
| 3:30 | Arcane Vault |
| 3:39 | Lumber Mill |
| 3:42 | Lumber Mill |
| 4:03 | Blacksmith |
| 4:07 | Farm |
| 4:30 | Footman |
| 4:47 | Rod of Necromancy |
| 4:49 | Dust of Appearance |
| 4:59 | Farm |
| 5:02 | Scroll of Regeneration |
| 5:03 | Lesser Clarity Potion |
| 5:41 | Storm Bolt |
| 5:51 | Arcane Sanctum |
| 5:56 | Rifleman |
| 6:24 | Rifleman |
| 6:30 | Black Gunpowder |
| 6:37 | Divine Shield |
| 7:04 | Rifleman |
| 8:12 | Long Rifles |
| 8:13 | Priest |
| 8:14 | Priest |
| 8:15 | Refined Gunpowder |
| 8:57 | Potion of Healing |
| 9:03 | Rifleman |
| 9:12 | Priest |
| 9:14 | Rifleman |
| 9:17 | Barracks |
| 11:09 | Priest |
| 11:12 | Farm |
| 11:14 | Rifleman |
| 11:15 | Rifleman |
| 11:43 | Scout Tower |
| 11:46 | Scout Tower |
| 12:02 | Scout Tower |
| 12:10 | Lesser Clarity Potion |
| 12:11 | Scroll of Town Portal |
| 12:12 | Lesser Clarity Potion |
| 12:29 | Guard Tower |
| 12:32 | Improved Masonry |
| 12:34 | Guard Tower |
| 13:28 | Thunder Clap |
| 14:56 | Rifleman |
| 14:57 | Rifleman |
| 14:58 | Priest |
| 14:59 | Priest |
| 15:03 | Workshop |
| 15:10 | Studded Leather Armor |
| 15:31 | Scroll of Town Portal |
| 15:33 | Dust of Appearance |
| 16:31 | Devotion Aura |
| Right click | 862 |
| Select group | 346 |
| Select | 274 |
| Build/train/purchase | 73 |
| Assign group | 35 |
| Misc. action | 21 |
| Use ability | 21 |
| Chat | 7 |
| Item give/drop | 2 |
| Remove unit | 2 |
| Minimap ping | 2 |

| Rod of Necromancy | 2 | 300 |
| Lesser Clarity Potion | 5 | 350 |
| Potion of Healing | 1 | 150 |
| Scroll of Town Portal | 2 | 700 |
| Healing Salve | 4 | 400 |
| total: | 14 | 1900g |
| Acolyte | 2 | 150 | / | 0 |
| Ghoul | 3 | 360 | / | 0 |
| Crypt Fiend | 18 | 3870 | / | 720 |
| total: | 23 | 4380g | / | 720w |
| Spirit Tower | 1 | 145 | / | 40 |
| Crypt | 1 | 200 | / | 50 |
| Ziggurat | 4 | 600 | / | 200 |
| Altar of Darkness | 1 | 180 | / | 50 |
| Graveyard | 1 | 215 | / | 0 |
| Tomb of Relics | 1 | 130 | / | 30 |
| Halls of the Dead | 1 | 320 | / | 210 |
| Black Citadel | 1 | 325 | / | 230 |
| total: | 8 | 1325g | / | 330w |
| 0:06 | Acolyte |
| 0:06 | Acolyte |
| 0:18 | Crypt |
| 0:23 | Ziggurat |
| 0:43 | Altar of Darkness |
| 1:09 | Graveyard |
| 1:19 | Ghoul |
| 1:25 | Tomb of Relics |
| 1:42 | Ghoul |
| 1:54 | Ziggurat |
| 2:04 | Ghoul |
| 2:43 | Rod of Necromancy |
| 2:46 | Crypt Fiend |
| 2:52 | Death Coil |
| 3:07 | Crypt Fiend |
| 3:24 | Crypt Fiend |
| 3:54 | Halls of the Dead |
| 4:07 | Creature Attack |
| 4:32 | Unholy Aura |
| 4:42 | Crypt Fiend |
| 4:45 | Ziggurat |
| 5:51 | Crypt Fiend |
| 5:51 | Crypt Fiend |
| 5:59 | Ziggurat |
| 6:13 | Healing Salve |
| 6:13 | Lesser Clarity Potion |
| 6:14 | Lesser Clarity Potion |
| 6:28 | Improved Creature Attack |
| 6:29 | Black Citadel |
| 7:24 | Crypt Fiend |
| 8:04 | Crypt Fiend |
| 8:15 | Crypt Fiend |
| 9:00 | Crypt Fiend |
| 9:10 | Rod of Necromancy |
| 9:13 | Death Coil |
| 9:37 | Crypt Fiend |
| 9:39 | Advanced Creature Attack |
| 9:50 | Crypt Fiend |
| 10:04 | Lesser Clarity Potion |
| 10:07 | Healing Salve |
| 10:07 | Lesser Clarity Potion |
| 10:51 | Potion of Healing |
| 11:19 | Crypt Fiend |
| 11:21 | Creature Carapace |
| 12:05 | Crypt Fiend |
| 12:28 | Crypt Fiend |
| 12:47 | Improved Creature Carapace |
| 13:06 | Scroll of Town Portal |
| 14:12 | Web |
| 14:12 | Crypt Fiend |
| 14:41 | Scroll of Town Portal |
| 14:47 | Crypt Fiend |
| 15:04 | Healing Salve |
| 15:05 | Healing Salve |
| 15:05 | Lesser Clarity Potion |
| 16:16 | Crypt Fiend |
| 16:26 | Spirit Tower |
| Right click | 714 |
| Select group | 455 |
| Select | 225 |
| Misc. action | 105 |
| Build/train/purchase | 68 |
| Chat | 47 |
| Assign group | 23 |
| Use ability | 21 |
| Item give/drop | 4 |
| Minimap ping | 2 |
112 units @ 15.7k
/ 1.7k
81 buildings @ 10.3k
/ 4.7k

| Healing Salve | 5 | 500 |
| Lesser Clarity Potion | 4 | 280 |
| Scroll of Speed | 1 | 50 |
| Orb of Lightning | 1 | 375 |
| Scroll of Town Portal | 1 | 350 |
| Boots of Speed | 1 | 250 |
| Scroll of Regeneration | 1 | 100 |
| total: | 14 | 1905g |
| Peon | 15 | 1125 | / | 0 |
| Grunt | 1 | 200 | / | 0 |
| Troll Headhunter | 11 | 1540 | / | 220 |
| Wind Rider | 5 | 1325 | / | 200 |
| Shaman | 4 | 520 | / | 80 |
| total: | 36 | 4710g | / | 500w |
| Watch Tower | 9 | 990 | / | 720 |
| Altar of Storms | 1 | 180 | / | 50 |
| Orc Burrow | 4 | 640 | / | 160 |
| Barracks | 1 | 180 | / | 50 |
| War Mill | 2 | 410 | / | 0 |
| Voodoo Lounge | 1 | 130 | / | 30 |
| Great Hall | 1 | 385 | / | 185 |
| Beastiary | 2 | 290 | / | 280 |
| Spirit Lodge | 1 | 150 | / | 150 |
| Stronghold | 1 | 315 | / | 190 |
| Fortress | 1 | 325 | / | 190 |
| total: | 22 | 3355g | / | 1625w |
| 0:12 | Altar of Storms |
| 0:15 | Orc Burrow |
| 0:18 | Peon |
| 0:19 | Peon |
| 0:50 | Barracks |
| 1:15 | War Mill |
| 1:39 | Peon |
| 1:54 | Grunt |
| 2:09 | Orc Burrow |
| 2:23 | Serpent Ward |
| 2:28 | Peon |
| 2:31 | Troll Headhunter |
| 2:55 | Troll Headhunter |
| 3:12 | Troll Headhunter |
| 3:24 | Voodoo Lounge |
| 3:44 | Hex |
| 3:55 | Peon |
| 3:55 | Peon |
| 3:58 | Troll Headhunter |
| 4:38 | Peon |
| 4:38 | Peon |
| 4:40 | Healing Salve |
| 4:41 | Lesser Clarity Potion |
| 4:41 | Scroll of Speed |
| 4:53 | Stronghold |
| 5:15 | Orc Burrow |
| 5:54 | Serpent Ward |
| 6:04 | Boots of Speed |
| 6:11 | Troll Headhunter |
| 6:18 | Healing Salve |
| 6:19 | Lesser Clarity Potion |
| 6:43 | Steel Armor |
| 8:25 | Hex |
| 9:29 | Beastiary |
| 9:29 | Beastiary |
| 9:34 | Spirit Lodge |
| 9:36 | Peon |
| 9:36 | Peon |
| 9:36 | Peon |
| 9:37 | Troll Headhunter |
| 9:37 | Troll Headhunter |
| 9:38 | Troll Headhunter |
| 9:42 | Scroll of Town Portal |
| 10:10 | Orc Burrow |
| 10:20 | Troll Headhunter |
| 10:37 | Wind Rider |
| 10:42 | Wind Rider |
| 10:48 | Fortress |
| 10:51 | Lesser Clarity Potion |
| 11:12 | Troll Headhunter |
| 11:14 | Steel Ranged Weapons |
| 11:37 | Wind Rider |
| 12:37 | Serpent Ward |
| 13:02 | Shaman Adept Training |
| 13:02 | Shaman |
| 13:02 | Shaman |
| 13:05 | Wind Rider |
| 13:07 | Troll Headhunter |
| 13:13 | Healing Salve |
| 13:20 | Healing Salve |
| 13:31 | Lesser Clarity Potion |
| 13:54 | Orb of Lightning |
| 14:39 | Envenomed Spears |
| 14:46 | Watch Tower |
| 14:46 | Watch Tower |
| 14:47 | Watch Tower |
| 14:47 | Watch Tower |
| 14:49 | Watch Tower |
| 14:52 | Shaman Master Training |
| 16:46 | Big Bad Voodoo |
| 16:53 | Thorium Ranged Weapons |
| 16:53 | Thorium Armor |
| 16:58 | Great Hall |
| 17:01 | Watch Tower |
| 17:01 | Watch Tower |
| 17:06 | Peon |
| 17:06 | Peon |
| 17:30 | Wind Rider |
| 17:32 | Shaman |
| 18:12 | Reinforced Defenses |
| 18:16 | Arcanite Armor |
| 18:58 | Peon |
| 18:58 | Peon |
| 19:02 | War Mill |
| 19:26 | Berserker Upgrade |
| 19:32 | Shaman |
| 20:26 | Healing Salve |
| 20:52 | Arcanite Ranged Weapons |
| 21:15 | Watch Tower |
| 21:16 | Watch Tower |
| 22:52 | Spiked Barricades |
| 23:34 | Scroll of Regeneration |
| 23:53 | Troll Regeneration |
| Right click | 861 |
| Select | 323 |
| Select group | 155 |
| Chat | 102 |
| Use ability | 86 |
| Build/train/purchase | 81 |
| Assign group | 33 |
| Minimap ping | 5 |
| Misc. action | 4 |
| Item give/drop | 4 |
| Remove unit | 2 |


| Lesser Clarity Potion | 10 | 700 |
| Scroll of Regeneration | 4 | 400 |
| Potion of Mana | 5 | 1000 |
| Potion of Healing | 2 | 300 |
| Ivory Tower | 1 | 40 |
| Scroll of Town Portal | 2 | 700 |
| Circlet of Nobility | 1 | 175 |
| total: | 25 | 3315g |
| Peasant | 8 | 600 | / | 0 |
| Rifleman | 9 | 1845 | / | 270 |
| Flying Machine | 3 | 300 | / | 90 |
| total: | 20 | 2745g | / | 360w |
| Scout Tower | 4 | 120 | / | 80 |
| Guard Tower | 3 | 210 | / | 150 |
| Arcane Tower | 1 | 70 | / | 50 |
| Blacksmith | 2 | 280 | / | 120 |
| Altar of Kings | 1 | 180 | / | 50 |
| Barracks | 2 | 320 | / | 120 |
| Farm | 10 | 800 | / | 200 |
| Lumber Mill | 1 | 120 | / | 0 |
| Arcane Vault | 2 | 260 | / | 60 |
| Workshop | 2 | 280 | / | 280 |
| Keep | 1 | 320 | / | 210 |
| total: | 24 | 2360g | / | 910w |
| 0:05 | Peasant |
| 0:05 | Peasant |
| 0:06 | Peasant |
| 0:46 | Peasant |
| 0:58 | Blacksmith |
| 1:02 | Blacksmith |
| 1:07 | Altar of Kings |
| 1:09 | Barracks |
| 1:16 | Farm |
| 1:19 | Peasant |
| 1:19 | Peasant |
| 1:40 | Farm |
| 1:51 | Peasant |
| 1:57 | Farm |
| 2:01 | Farm |
| 2:19 | Peasant |
| 2:25 | Rifleman |
| 2:27 | Scout Tower |
| 2:50 | Lumber Mill |
| 2:53 | Rifleman |
| 2:55 | Scout Tower |
| 3:11 | Holy Light |
| 3:14 | Improved Lumber Harvesting |
| 3:20 | Guard Tower |
| 3:23 | Arcane Tower |
| 3:43 | Rifleman |
| 3:49 | Improved Masonry |
| 3:58 | Arcane Vault |
| 4:16 | Rifleman |
| 4:20 | Devotion Aura |
| 4:50 | Circlet of Nobility |
| 4:55 | Keep |
| 4:58 | Advanced Masonry |
| 5:01 | Scout Tower |
| 5:04 | Farm |
| 5:06 | Farm |
| 5:07 | Farm |
| 5:24 | Lesser Clarity Potion |
| 5:25 | Lesser Clarity Potion |
| 5:26 | Scroll of Regeneration |
| 5:34 | Scout Tower |
| 5:37 | Guard Tower |
| 6:21 | Rifleman |
| 6:23 | Guard Tower |
| 7:18 | Long Rifles |
| 7:27 | Holy Light |
| 7:35 | Barracks |
| 7:43 | Potion of Mana |
| 7:43 | Lesser Clarity Potion |
| 7:44 | Potion of Mana |
| 7:47 | Lesser Clarity Potion |
| 7:47 | Lesser Clarity Potion |
| 9:01 | Farm |
| 9:02 | Farm |
| 9:02 | Farm |
| 9:31 | Scroll of Regeneration |
| 9:34 | Lesser Clarity Potion |
| 9:36 | Potion of Healing |
| 9:38 | Scroll of Town Portal |
| 9:40 | Lesser Clarity Potion |
| 9:43 | Brilliance Aura |
| 9:45 | Potion of Mana |
| 9:54 | Black Gunpowder |
| 10:10 | Rifleman |
| 11:11 | Workshop |
| 11:12 | Workshop |
| 11:18 | Lesser Clarity Potion |
| 11:19 | Lesser Clarity Potion |
| 11:24 | Scroll of Regeneration |
| 11:37 | Rifleman |
| 12:20 | Arcane Vault |
| 12:25 | Lesser Clarity Potion |
| 12:31 | Devotion Aura |
| 12:46 | Potion of Mana |
| 12:48 | Scroll of Town Portal |
| 12:51 | Ivory Tower |
| 13:32 | Rifleman |
| 14:08 | Potion of Mana |
| 14:11 | Blizzard |
| 14:28 | Flying Machine |
| 14:30 | Flying Machine |
| 14:42 | Potion of Healing |
| 14:53 | Scroll of Regeneration |
| 16:17 | Flak Cannons |
| 16:17 | Flying Machine |
| 16:26 | Brilliance Aura |
| 16:46 | Holy Light |
| 17:05 | Rifleman |
| Right click | 836 |
| Select | 411 |
| Select group | 392 |
| Chat | 178 |
| Misc. action | 146 |
| Build/train/purchase | 94 |
| Use ability | 64 |
| Assign group | 17 |
| Item give/drop | 5 |
| Minimap ping | 2 |
| Remove unit | 1 |


| Scroll of Regeneration | 4 | 400 |
| Potion of Healing | 2 | 300 |
| Lesser Clarity Potion | 3 | 210 |
| Potion of Mana | 1 | 200 |
| Staff of Sanctuary | 1 | 250 |
| Scroll of Town Portal | 1 | 350 |
| Scroll of Healing | 1 | 250 |
| Boots of Speed | 2 | 500 |
| total: | 15 | 2460g |
| Peasant | 9 | 675 | / | 0 |
| Rifleman | 15 | 3075 | / | 450 |
| Dragonhawk Rider | 7 | 1400 | / | 210 |
| total: | 31 | 5150g | / | 660w |
| Blacksmith | 1 | 140 | / | 60 |
| Barracks | 1 | 160 | / | 60 |
| Farm | 9 | 720 | / | 180 |
| Altar of Kings | 1 | 180 | / | 50 |
| Arcane Vault | 1 | 130 | / | 30 |
| Lumber Mill | 1 | 120 | / | 0 |
| Gryphon Aviary | 1 | 140 | / | 150 |
| Keep | 1 | 320 | / | 210 |
| Castle | 1 | 360 | / | 210 |
| total: | 15 | 1590g | / | 530w |
| 0:06 | Peasant |
| 0:07 | Peasant |
| 0:07 | Peasant |
| 0:07 | Peasant |
| 0:41 | Blacksmith |
| 0:43 | Barracks |
| 0:48 | Peasant |
| 1:08 | Farm |
| 1:13 | Peasant |
| 1:23 | Altar of Kings |
| 1:30 | Peasant |
| 1:36 | Peasant |
| 1:47 | Farm |
| 2:02 | Rifleman |
| 2:09 | Peasant |
| 2:23 | Rifleman |
| 2:26 | Farm |
| 2:37 | Farm |
| 2:49 | Breath of Fire |
| 2:51 | Rifleman |
| 3:04 | Farm |
| 3:22 | Rifleman |
| 3:56 | Drunken Brawler |
| 4:20 | Rifleman |
| 4:22 | Rifleman |
| 4:58 | Keep |
| 5:00 | Farm |
| 5:05 | Arcane Vault |
| 6:13 | Scroll of Regeneration |
| 6:13 | Scroll of Regeneration |
| 6:26 | Rifleman |
| 6:29 | Lumber Mill |
| 6:33 | Boots of Speed |
| 7:37 | Breath of Fire |
| 8:26 | Rifleman |
| 8:27 | Castle |
| 8:54 | Cluster Rockets |
| 9:36 | Rifleman |
| 9:36 | Rifleman |
| 9:38 | Long Rifles |
| 9:51 | Drunken Brawler |
| 10:03 | Scroll of Regeneration |
| 10:04 | Potion of Healing |
| 10:39 | Gryphon Aviary |
| 10:40 | Farm |
| 10:41 | Farm |
| 10:42 | Rifleman |
| 10:43 | Rifleman |
| 10:44 | Black Gunpowder |
| 10:44 | Studded Leather Armor |
| 11:13 | Rifleman |
| 11:18 | Farm |
| 12:19 | Scroll of Town Portal |
| 12:19 | Lesser Clarity Potion |
| 12:24 | Potion of Mana |
| 12:24 | Potion of Healing |
| 12:34 | Scroll of Regeneration |
| 12:38 | Dragonhawk Rider |
| 12:38 | Dragonhawk Rider |
| 12:38 | Dragonhawk Rider |
| 13:30 | Dragonhawk Rider |
| 14:30 | Engineering Upgrade |
| 14:33 | Dragonhawk Rider |
| 14:39 | Boots of Speed |
| 14:39 | Scroll of Healing |
| 14:45 | Refined Gunpowder |
| 14:53 | Lesser Clarity Potion |
| 14:53 | Lesser Clarity Potion |
| 15:08 | Staff of Sanctuary |
| 15:28 | Cloud |
| 16:17 | Breath of Fire |
| 16:39 | Cluster Rockets |
| 16:42 | Rifleman |
| 16:42 | Rifleman |
| 17:01 | Dragonhawk Rider |
| 17:01 | Dragonhawk Rider |
| Right click | 708 |
| Select | 300 |
| Chat | 300 |
| Select group | 158 |
| Build/train/purchase | 78 |
| Use ability | 49 |
| Assign group | 47 |
| Item give/drop | 4 |
| Misc. action | 2 |
| Esc | 1 |



| Healing Salve | 5 | 500 |
| Lesser Clarity Potion | 2 | 140 |
| Potion of Healing | 3 | 450 |
| Orb of Lightning | 1 | 375 |
| Scroll of Town Portal | 1 | 350 |
| Boots of Speed | 2 | 500 |
| Circlet of Nobility | 1 | 175 |
| Staff of Teleportation | 2 | 300 |
| total: | 17 | 2790g |
| Peon | 11 | 825 | / | 0 |
| Grunt | 5 | 1000 | / | 0 |
| Troll Witch Doctor | 5 | 725 | / | 125 |
| Shaman | 4 | 520 | / | 80 |
| total: | 25 | 3070g | / | 205w |
| Watch Tower | 4 | 440 | / | 320 |
| Altar of Storms | 3 | 540 | / | 150 |
| Orc Burrow | 4 | 640 | / | 160 |
| Barracks | 1 | 180 | / | 50 |
| Voodoo Lounge | 1 | 130 | / | 30 |
| War Mill | 1 | 205 | / | 0 |
| Spirit Lodge | 6 | 900 | / | 900 |
| Stronghold | 2 | 630 | / | 380 |
| Fortress | 1 | 325 | / | 190 |
| total: | 20 | 3035g | / | 1610w |
| 0:03 | Peon |
| 0:03 | Peon |
| 0:07 | Altar of Storms |
| 0:19 | Orc Burrow |
| 0:20 | Peon |
| 0:26 | Peon |
| 0:34 | Barracks |
| 0:43 | Peon |
| 1:07 | Peon |
| 1:15 | Peon |
| 1:29 | Orc Burrow |
| 1:36 | Grunt |
| 1:46 | Peon |
| 1:49 | Voodoo Lounge |
| 2:04 | Peon |
| 2:05 | Peon |
| 2:10 | Wind Walk |
| 2:24 | Grunt |
| 2:36 | Peon |
| 3:13 | Stronghold |
| 3:17 | Critical Strike |
| 3:27 | Healing Salve |
| 3:27 | Healing Salve |
| 3:27 | Healing Salve |
| 3:38 | Grunt |
| 3:38 | Grunt |
| 4:40 | Lesser Clarity Potion |
| 5:33 | Wind Walk |
| 5:38 | Fortress |
| 5:41 | Orc Burrow |
| 5:46 | Healing Salve |
| 6:09 | Boots of Speed |
| 6:09 | Circlet of Nobility |
| 6:13 | Grunt |
| 6:17 | Spirit Lodge |
| 6:19 | Spirit Lodge |
| 6:24 | War Mill |
| 7:38 | Potion of Healing |
| 7:51 | Potion of Healing |
| 7:51 | Potion of Healing |
| 8:02 | Reinforced Defenses |
| 8:20 | Altar of Storms |
| 8:27 | Spirit Lodge |
| 8:36 | Spirit Lodge |
| 8:39 | Spirit Lodge |
| 8:46 | Watch Tower |
| 9:43 | Altar of Storms |
| 9:47 | Shaman Adept Training |
| 9:47 | Witch Doctor Adept Training |
| 10:21 | Watch Tower |
| 10:47 | Critical Strike |
| 11:17 | Staff of Teleportation |
| 11:27 | Watch Tower |
| 11:29 | Shaman Master Training |
| 11:51 | Witch Doctor Master Training |
| 11:51 | Troll Witch Doctor |
| 11:51 | Shaman |
| 12:10 | Hex |
| 12:19 | Lesser Clarity Potion |
| 12:20 | Healing Salve |
| 12:24 | Orb of Lightning |
| 12:41 | Orc Burrow |
| 13:03 | Watch Tower |
| 13:10 | Spirit Lodge |
| 13:17 | Troll Witch Doctor |
| 13:17 | Shaman |
| 13:46 | Troll Witch Doctor |
| 13:46 | Troll Witch Doctor |
| 14:10 | Staff of Teleportation |
| 14:10 | Boots of Speed |
| 14:29 | Healing Wave |
| 14:52 | Shaman |
| 14:53 | Troll Witch Doctor |
| 15:17 | Shaman |
| 15:53 | Scroll of Town Portal |
| 16:30 | Critical Strike |
| 16:34 | Critical Strike |
| 17:00 | War Stomp |
| Right click | 936 |
| Select | 407 |
| Misc. action | 202 |
| Select group | 163 |
| Build/train/purchase | 108 |
| Chat | 92 |
| Assign group | 38 |
| Use ability | 28 |
| Esc | 11 |
| Minimap ping | 5 |
| Item give/drop | 4 |
| Remove unit | 3 |
⇛